[Event "Swedish Chess Championship 2019: Sverigemastarklassen"]
[Site "Stiga Sports Arena, Arenatorget 1, Eskilstuna, Sweden"]
[Date "2019.07.07"]
[Round "2.3"]
[White "Sagit, Rauan"]
[Black "Kucuksari, Kaan"]
[Result "1-0"]
[TimeControl "90 minutes for 40 moves + 30 minutes for the rest of the game + 30 seconds per move from move one"]
[WhiteTitle "IM"]
[BlackTitle "FM"]
[WhiteFideId "1708376"]
[BlackFideId "6380166"]
[WhiteElo "2429"]
[BlackElo "2310"]

1. Nf3 Nf6 2. g3 b6 3. Bg2 Bb7 4. c4 e6 5. O-O Be7 6. b3 O-O 7. Bb2 c6 8. d4 d5 9. Nc3 Nbd7 10.
Qd3 Qc7 11. Rac1 dxc4 12. bxc4 Rad8 13. Rfd1 Ba6 14. Ne4 c5 15. e3 Nxe4 16. Qxe4 Nf6 17. Qc2 Bb7 18. Ne5 Bxg2 19. Kxg2 Qb7+ 20.
f3 Nd7 21. Nd3 cxd4 22. Bxd4 Rc8 23. Qb2 f6 24. e4 Rc7 25. Qb3 Kf7 26. Rc2 Rfc8 27. a4 Qa6 28. Nb2 Bc5 29. Bc3 Qb7 30.
Rcd2 Be7 31. Qa2 a5 32. Qb3 Nc5 33. Qc2 Qc6 34. Bd4 Nd7 35. Rd3 Bb4 36. Qe2 Be7 37. Qd2 Nf8 38. Be3 Rb7 39.
h4 Rcc7 40. h5 Rd7 41. Qe2 Rxd3 42. Rxd3 Nd7 43. Bd4 Bc5 44. Bc3 Bd6 45. Qd2 Ke7 46. h6 g6 47. Bd4 Kf7 48. Bxf6 Bxg3 49.
Bc3 Bb8 50. Qg5 Bd6 51. Qe3 Qc5 52. Qd2 Ke7 53. Bg7 Rb8 54. e5 Nxe5 55. Rxd6 Qxd6 56. Qg5+ Ke8 57. Bxe5 Qd8 58. Qg4 Rb7 59.
Qxe6+ Qe7 60. Qg8+ Kd7 61. Qd5+ Ke8 62. Qg8+ Kd7 63. Nd3 Qg5+ 64. Bg3 Qd2+ 65. Nf2 1-0

[Event "Swedish Chess Championship 2019: Sverigemastarklassen"]
[Site "Stiga Sports Arena, Arenatorget 1, Eskilstuna, Sweden"]
[Date "2019.07.08"]
[Round "3.1"]
[White "Johansson, Linus"]
[Black "Lokander, Martin"]
[Result "0-1"]
[TimeControl "90 minutes for 40 moves + 30 minutes for the rest of the game + 30 seconds per move from move one"]
[WhiteTitle "IM"]
[BlackTitle "IM"]
[WhiteFideId "1711113"]
[BlackFideId "1709569"]
[WhiteElo "2480"]
[BlackElo "2397"]

1. Nf3 Nf6 2. g3 g6 3. Bg2 Bg7 4. O-O O-O 5. d3 d5 6. b4 Ne8 7. c3 e5 8. Bb2 Nd6 9. Nbd2 Be6 10.
Qc2 a5 11. Nb3 Nc6 12. a3 Qe7 13. Nc5 e4 14. dxe4 dxe4 15. Nd4 Nxd4 16. cxd4 Bd5 17. bxa5 Rxa5 18. Bc3 Raa8 19. Bb4 Bxd4 20.
Rad1 Bxc5 21. Qxc5 Bc6 22. Bh3 Rad8 23. Qd4 Bd7 24. Bg2 Bc6 25. Rc1 Qe6 26. Rfd1 f6 27. Qc5 Rd7 28. Qc2 Rfd8 29.
h4 Nf7 30. Rxd7 Rxd7 31. Qc5 Nd6 32. e3 Qd5 33. Qxd5+ Bxd5 34. Rd1 Bc6 35. Bh3 f5 36. g4 Nf7 37. Rxd7 Bxd7 38. gxf5 Ne5 39.
Kh2 Bxf5 40. Bf1 Kf7 41. Be2 Bg4 42. Bc3 Bxe2 43. Bxe5 c6 44. Kg3 Ke6 45. Kf4 Kd5 46. Bf6 b5 47.
Kg5 h5 48. Kxg6 c5 49. Kf7 b4 50. a4 c4 51. a5 c3 52. Bd4 Bb5 53. Kg6 Kc4 0-1

[Event "Swedish Chess Championship 2019: Sverigemastarklassen"]
[Site "Stiga Sports Arena, Arenatorget 1, Eskilstuna, Sweden"]
[Date "2019.07.09"]
[Round "4.2"]
[White "Johansson, Linus"]
[Black "Blomqvist, Erik"]
[Result "1/2-1/2"]
[TimeControl "90 minutes for 40 moves + 30 minutes for the rest of the game + 30 seconds per move from move one"]
[WhiteTitle "IM"]
[BlackTitle "GM"]
[WhiteFideId "1711113"]
[BlackFideId "1709437"]
[WhiteElo "2480"]
[BlackElo "2492"]

1. d4 Nf6 2. c4 e6 3. Nf3 Bb4+ 4. Nbd2 O-O 5. a3 Be7 6. g3 b6 7. Bg2 Bb7 8. O-O c5 9. e3 cxd4 10.
exd4 d5 11. b3 Nc6 12. Bb2 Rc8 13. cxd5 Nxd5 14. Qe2 Rc7 15. Rac1 Qa8 16. b4 Rfc8 17. Ne4 h6 18. Rfd1 Bf8 19.
h4 Qb8 20. Kh2 Nce7 21. Rxc7 Qxc7 22. Rc1 Qd8 23. Rxc8 Bxc8 24. Qc4 Bb7 25. Ne5 Nf5 26. b5 Qa8 27. Nc3 Nd6 28. Qb3 Nxc3 29.
Bxb7 Qxb7 30. Bxc3 Qe4 31. a4 Qe2 32. Qb2 Qd1 33. Qa1 Qc2 34. Kg1 Ne4 35. Be1 Bb4 36. Ng4 Bxe1 37. Qxe1 Nc3 38.
Ne5 Nxa4 39. Qb4 f6 40. Nd7 Nc3 41. Qf8+ Kh7 42. Qe8 Ne4 43. Nf8+ Kg8 44. Nxe6+ Kh7 45. Nf8+ 1/2-1/2

[Event "Swedish Chess Championship 2019: Sverigemastarklassen"]
[Site "Stiga Sports Arena, Arenatorget 1, Eskilstuna, Sweden"]
[Date "2019.07.11"]
[Round "6.2"]
[White "Hillarp Persson, Tiger"]
[Black "Sagit, Rauan"]
[Result "1-0"]
[TimeControl "90 minutes for 40 moves + 30 minutes for the rest of the game + 30 seconds per move from move one"]
[WhiteTitle "GM"]
[BlackTitle "IM"]
[WhiteFideId "1700812"]
[BlackFideId "1708376"]
[WhiteElo "2562"]
[BlackElo "2429"]

1. c4 e6 2. Nf3 d5 3.
g3 Nf6 4. Bg2 Be7 5. O-O O-O 6.
Qc2 d4 7. e3 c5 8. exd4 cxd4 9. d3 Nc6 10. a3 a5 11. Re1 Nd7 12. Nbd2 h6 13. Rb1 Re8 14. h4 e5 15. Ne4 Nc5 16.
Bd2 Nxe4 17. Rxe4 Bf5 18. Ree1 Bf6 19. Nh2 Qd7 20. b4 axb4 21. axb4 Ra3 22. b5 Bxd3 23. bxc6 bxc6 24. Qc1 Ra2 25.
Rb3 e4 26. Ra3 Rc2 27. Qd1 Be7 28. Rxd3 exd3 29. Be4 Ba3 30. Bxd3 Rxe1+ 31. Qxe1 Rb2 32. Nf3 Qe7 33. Nxd4 Qxe1+ 34. Bxe1 Rb6 35. Be4 Bb4 36. Bxb4 Rxb4 37. Bd3 c5 38. Nf5 h5 39. Kg2 g6 40. Ne3 Rb6 41. Be4 Rd6 42. Bd5 Kf8 43.
Nd1 Ke7 44. Nc3 Rd7 45. Ne4 Rc7 46. Kf3 f6 47. Kf4 Rc8 48. f3 Rc7 49. g4 hxg4 50. fxg4 Rc8 51. g5 f5 52. Ng3 Kf8 53.
h5 Kg7 54. hxg6 Kxg6 55. Be6 1-0

[Event "Swedish Chess Championship 2019: Sverigemastarklassen"]
[Site "Stiga Sports Arena, Arenatorget 1, Eskilstuna, Sweden"]
[Date "2019.07.11"]
[Round "6.5"]
[White "Blomqvist, Erik"]
[Black "Cramling, Pia"]
[Result "1/2-1/2"]
[TimeControl "90 minutes for 40 moves + 30 minutes for the rest of the game + 30 seconds per move from move one"]
[WhiteTitle "GM"]
[BlackTitle "GM"]
[WhiteFideId "1709437"]
[BlackFideId "1700030"]
[WhiteElo "2492"]
[BlackElo "2479"]

1. e4 c5 2. Nf3 e6 3. g3 Nc6 4. Bg2 Nf6 5. Qe2 e5 6. O-O Be7 7. d3 O-O 8. Na3 d6 9. Nc4 Re8 10. Bg5 Ng4 11. Bxe7 Qxe7 12. c3 b5 13. Ne3 Nxe3 14. fxe3 Bg4 15. Rf2 Rab8 16. Qd2 Bxf3 17.
Bxf3 Rf8 18. Bd1 Qe6 19. b4 a5 20. a3 Rfd8 21. Qb2 c4 22. dxc4 Qxc4 23. Qb3 Ne7 24. a4 axb4 25. axb5 d5 26.
exd5 Qxc3 27. Qxc3 bxc3 28. Ra7 Nc8 29. Raxf7 Nd6 30. Rc7 Rxb5 31. Bg4 h6 32. Rc2 Kh8 33. Be6 Ne4 34. Kg2 Rdb8 35.
Bf5 Nd6 36. Bg6 Rxd5 37. R2xc3 e4 38. h4 Rd8 39. Re7 Nb5 40. Rc4 Nd6 41. Rcc7 Rg8 42. Kh3 Rd3 43. Red7 Rd2 44. Re7 Rd1 45.
Kg4 Rd5 46. Kh3 Rd1 47. Re6 Rd8 48. Ree7 1/2-1/2